 Dungeon Crawl Stone Soup version 0.16.1-4-g8e1b745 (webtiles) character file.

405 DogShitOnMyToe the Cleaver (level 6, 51/51 HPs)
             Began as a Minotaur Berserker on Mar 26, 2015.
             Was a Priest of Trog.
             Quit the game on level 4 of the Dungeon.
             The game lasted 00:08:11 (2921 turns).

DogShitOnMyToe the Cleaver (Minotaur Berserker)     Turns: 2921, Time: 00:08:11

Health: 51/51      AC: 13    Str: 22    XL:     6   Next: 56%
Magic:  3/3        EV:  6    Int:  4    God:    Trog [***...]
Gold:   151        SH:  3    Dex: 11    Spells: 0 memorised, 5 levels left

rFire  . . .     SeeInvis .     a - +0 hand axe (curse)
rCold  . . .     Clarity  .     v - +0 plate armour
rNeg   + . .     SustAb   +     k - +0 buckler
rPois  .         Gourm    .     (helmet restricted)
rElec  .         Spirit   .     (no cloak)
rCorr  .         Warding  +     (no gloves)
rMut   .         Stasis   .     t - +1 pair of boots
MR     .....                    f - amulet of warding
Stlth  ..........               (no ring)
                                j - ring of sustain abilities

@: not resistant to hostile enchantments, extremely unstealthy
A: retaliatory headbutt, horns 2
a: Burn Spellbooks, Berserk, Trog's Hand, Renounce Religion


You were on level 4 of the Dungeon.
You worshipped Trog.
Trog was most pleased with you.
You were hungry.

You visited 1 branch of the dungeon, and saw 4 of its levels.

You collected 151 gold pieces.

Inventory:

Hand weapons
 a - a cursed +0 hand axe (weapon)
Armour
 k - a +0 buckler (worn)
 t - a +1 pair of boots (worn)
 v - a +0 plate armour (worn)
Jewellery
 f - an amulet of warding (around neck)
 j - a ring of sustain abilities (left hand)
 y - a cursed -4 ring of intelligence {unknown}
Magical devices
 p - a wand of frost (21)
Scrolls
 e - 3 scrolls of teleportation {unknown}
 h - 2 scrolls of recharging {unknown}
 l - a scroll of enchant weapon {unknown}
 m - a scroll of immolation {unknown}
 n - 2 scrolls of amnesia {unknown}
 o - 4 scrolls of remove curse {unknown}
 q - 2 scrolls of identify {unknown}
 u - 3 scrolls of noise {unknown}
 x - a scroll of fog {unknown}
Potions
 b - a potion of ambrosia {unknown}
 d - 2 potions of restore abilities {unknown}
 g - a potion of agility {unknown}
 i - a potion of haste {unknown}
 s - a potion of might {unknown}
 w - a potion of curing {unknown}
Comestibles
 c - 3 bread rations
 r - 2 meat rations
 z - a slice of pizza
 A - 3 fruits


   Skills:
 - Level 3.6 Fighting
 + Level 9.0 Axes
 - Level 2.4 Armour
 - Level 2.1 Dodging


You had 5 spell levels left.
You didn't know any spells.

Dungeon Overview and Level Annotations

Branches:
Dungeon (4/15)
 Temple: D:4-7

Altars:
Kikubaaqudgha
Ru
Xom
The Shining One

Portals:
Ossuary: D:4


Innate Abilities, Weirdness & Mutations

You reflexively headbutt those who attack you in melee.
You have a pair of horns on your head.


Message History

You see here 19 bolts.
You see here 19 bolts.
A rat comes into view.
A rat is nearby!
You hit the rat.
You kill the rat!
Trog accepts your kill.
No target in view!
No target in view!
No target in view!
No target in view!
You hear the quick hiss of a distant avalanche of sand.
You now have 128 gold pieces (gained 16).
You now have 142 gold pieces (gained 14).
You are feeling hungry.
You now have 151 gold pieces (gained 9).
A - 3 fruits You hear the rapid hiss of a very distant avalanche of sand.
y - a jade ring Are you sure you want to abandon this character and quit the game? (Confirm with "yes".)

#.## ##
#.# #.#
#.# #.#
#.##
#..###
##...###
###..@#
###.#
#.# ###


There were no monsters in sight!

Vanquished Creatures
  An orc warrior (D:3)
  A phantom (D:4)
  An iguana (D:4)
  2 orc wizards
  A mummy (D:4)
  4 adders
  2 worms (D:3)
  2 giant geckos
  An ooze (D:1)
  12 orcs
  2 ball pythons
  10 bats
  A giant cockroach (D:2)
  8 goblins
  15 hobgoblins
  7 kobolds
  A quokka (D:2)
  A giant newt (D:3)
  9 rats
81 creatures vanquished.

Notes
Turn   | Place    | Note
--------------------------------------------------------------
     0 | D:1      | DogShitOnMyToe, the Minotaur Berserker, began the quest for the Orb.
     0 | D:1      | Reached XP level 1. HP: 19/19 MP: 1/1
   144 | D:1      | Noticed an ogre
   144 | D:1      | Noticed an ogre
   145 | D:1      | Noticed an ogre
   146 | D:1      | Noticed an ogre
   148 | D:1      | Reached skill level 4 in Axes
   268 | D:1      | Reached XP level 2. HP: 26/26 MP: 1/1
   391 | D:1      | Acquired Trog's second power
   664 | D:1      | Reached skill level 5 in Axes
   701 | D:1      | Reached XP level 3. HP: 23/31 MP: 2/2
  1168 | D:2      | Reached skill level 6 in Axes
  1168 | D:2      | Reached XP level 4. HP: 25/39 MP: 2/2
  1399 | D:2      | Found a glowing golden altar of the Shining One.
  1900 | D:3      | Noticed an orc warrior
  1935 | D:3      | Killed an orc warrior
  1935 | D:3      | Reached skill level 7 in Axes
  1935 | D:3      | Reached XP level 5. HP: 35/45 MP: 2/2
  2275 | D:4      | Reached skill level 8 in Axes
  2276 | D:4      | Reached XP level 6. HP: 51/51 MP: 3/3
  2366 | D:4      | Found a shimmering altar of Xom.
  2366 | D:4      | Found an ancient bone altar of Kikubaaqudgha.
  2611 | D:4      | Found a sacrificial altar of Ru.
  2690 | D:4      | Noticed a phantom
  2706 | D:4      | Killed a phantom
  2706 | D:4      | Reached skill level 9 in Axes
  2713 | D:4      | Found a sand-covered staircase.
  2921 | D:4      | Quit the game

Action                   |  1- 3 |  4- 6 || total
-------------------------+-------+-------++-------
Melee: Hand axe          |    82 |    99 ||   181
Invok: Berserk           |       |     3 ||     3
       Trog's Hand       |       |     2 ||     2
  Eat: Chunk             |     1 |     8 ||     9
